 Dungeon Crawl Stone Soup version 0.31-a0-489-g282fc92437 (webtiles) character file.

Game seed: 14454362323551738465

8607 MacCMillion the Summoner (level 11, -9/71 HPs)
             Began as a Tengu Summoner on Aug 8, 2023.
             Was a Believer of Ashenzari.
             Killed by divine providence
             ... invoked by an orc priest
              (10 damage)
             ... while paralysed by a hornet
             ... on level 9 of the Dungeon.
             The game lasted 00:32:20 (11158 turns).

MacCMillion the Summoner (Tengu Summoner)          Turns: 11158, Time: 00:32:20

Health: -9/71      AC: 11    Str: 13    XL:     11   Next: 33%
Magic:  25/25      EV:  2    Int: 22    God:    Ashenzari [**....]
Gold:   1001       SH:  0    Dex: 17    Spells: 16/29 levels left

rFire   + . .        N - +2 spear "Shattered Together" {venom, Dev, Self} (curse)
rCold   x . .        (no shield)
rNeg    . . .        E - +0 acid dragon scales "Ruined Together" {rCorr, Fort, Dev} (curse)
rPois   .            (helmet restricted)
rElec   .            l - +4 cloak of the Fated Seeker {Int+2 Slay+5, Melee, Self} (curse)
rCorr   +            (no gloves)
SInv    +            (boots unavailable)
Will    .....        (no amulet)
Stlth   ++           H - +4 ring of slaying
HPRegen 0.31/turn    J - ring "Pejozaec" {Fire Str+4 Dex+3}
MPRegen 0.19/turn

%: no passive effects
@: paralysed, lethally poisoned (-9 -> -18), flying quickly and evasively,
slowed, studying Invocations, quick
A: beak, talons 3, nimble flight
a: Renounce Religion, Shatter the Chains


You were on level 9 of the Dungeon.
You worshipped Ashenzari.
Ashenzari was pleased with you.
You visited 2 branches of the dungeon, and saw 10 of its levels.
You also visited: Ossuary and Bailey.

You collected 1284 gold pieces.
You spent 283 gold pieces at shops.

Inventory:

Hand Weapons
 h - a +0 dagger
 p - a +2 dagger of freezing
 N - the cursed +2 spear "Shattered Together" (weapon) {venom, Dev, Self}
   (You took it off an orc wizard on level 7 of the Dungeon)

   It has a curse which improves the following skills: Devices: Evocations and
   Shapeshifting.
   Introspection: Fighting and Spellcasting.
Missiles
 q - 8 atropa-tipped darts
 x - 10 curare-tipped darts
 F - a throwing net
 U - 4 datura-tipped darts
 V - 25 poisoned darts
Armour
 a - a +1 robe
 l - the cursed +4 cloak of the Fated Seeker (worn) {Int+2 Slay+5, Melee, Self}
   (You bought it in a shop on level 9 of the Dungeon)

   Int:       It affects your intelligence (+2).
   Slay:      It affects your accuracy & damage with ranged weapons and melee
   (+5).
   It has a curse which improves the following skills: Melee Combat: Short
   Blades, Long Blades, Axes, Maces & Flails, Polearms, Staves and Unarmed
   Combat.
   Introspection: Fighting and Spellcasting.
 E - the cursed +0 acid dragon scales "Ruined Together" (worn) {rCorr, Fort, Dev}
   (You found it on level 7 of the Dungeon)

   rCorr:     It protects you from acid and corrosion.
   It has a curse which improves the following skills: Fortitude: Armour and
   Shields.
   Devices:   Evocations and Shapeshifting.
 T - a +1 pair of gloves of infusion
Jewellery
 B - a ring of positive energy
 H - a +4 ring of slaying (left hand)
 J - the ring "Pejozaec" (right hand) {Fire Str+4 Dex+3}
   (You found it on level 7 of the Dungeon)

   [ring of fire]

   It enhances your fire magic.
   Str:       It affects your strength (+4).
   Dex:       It affects your dexterity (+3).
   rF:        It protects you from fire.
   rC:        It makes you vulnerable to cold.
 S - the ring of Unload {rCorr Int+3 SInv}
   (You found it in a bailey)

   [ring of resist corrosion]

   Int:       It affects your intelligence (+3).
   SInv:      It lets you see invisible.
   rCorr:     It protects you from acid and corrosion.
Wands
 A - a wand of polymorph (7)
 G - a wand of acid (10)
 P - a wand of charming (9)
 R - a wand of flame (13)
 W - a wand of mindburst (4)
Scrolls
 c - a scroll of torment
 e - 4 scrolls of teleportation
 f - 3 scrolls of fear
 j - 4 scrolls of enchant armour
 m - a scroll of blinking
 n - a scroll of acquirement
 r - a scroll of vulnerability
 v - a scroll of immolation
 y - a scroll of brand weapon
 C - a scroll of identify
 I - a scroll of enchant weapon
 O - 2 scrolls of amnesia
 Q - a scroll of fog
Potions
 b - 2 potions of magic
 d - a potion of invisibility
 g - 2 potions of mutation
 i - 3 potions of attraction
 k - a potion of degeneration
 o - 3 potions of lignification
 s - 5 potions of curing
 t - 2 potions of brilliance
 u - 2 potions of heal wounds
 w - 3 potions of enlightenment
 z - a potion of resistance
 D - a potion of haste
 M - 2 potions of might
Miscellaneous
 K - a phantom mirror
 L - a box of beasts


   Skills:
 + Level 7.5(9.3) Fighting
 + Level 8.2 Dodging
 - Level 2.0 Stealth
 - Level 8.0(9.7) Spellcasting
 - Level 2.0 Hexes
 - Level 12.0 Summonings
 - Level 7.0 Air Magic


You had 16 spell levels left.
You knew the following spells:

 Your Spells              Type           Power      Damage    Failure   Level
a - Summon Small Mammal   Summ           100%       N/A       1%          1
b - Call Imp              Summ           100%       N/A       1%          2
c - Call Canine Familiar  Summ           59%        N/A       1%          3
d - Summon Guardian Gole  Hex/Summ       41%        N/A       1%          3
e - Summon Lightning Spi  Summ/Air       51%        N/A       1%          4

Your spell library contained the following spells:

 Spells                   Type           Power      Damage    Failure   Level
 Apportation              Tloc           20%        N/A       9%          1
 Tukima's Dance           Hex            19%        N/A       12%         3
 Passage of Golubria      Tloc           10%        N/A       65%         4
 Yara's Violent Unravell  Hex/Tmut       7%         3d5       86%         5
 Alistair's Intoxication  Tmut/Pois      6%         N/A       94%         5


Dungeon Overview and Level Annotations

Branches:
Dungeon (9/15)             Temple (1/1) D:7         Ossuary (visited)
 Bailey (visited)
   Lair: D:8-11         Orc: D:9-12

Altars:
Ashenzari
Cheibriados
Dithmenos
Elyvilon
Fedhas
Gozag
Hepliaklqana
Kikubaaqudgha
Makhleb
Nemelex Xobeh
Okawaru
Qazlal
Ru
Sif Muna
Trog
Uskayaw
Vehumet
Wu Jian
Xom
Yredelemnul
Zin
The Shining One

Shops:
D:3 (**   D:9 *

Annotations:
D:4 Dowan, Duvessa, Ijyb


Innate Abilities, Weirdness & Mutations

You have a beak for a mouth.
You have claws for feet.
Your magical nature lets you fly swiftly and evasively.


Message History

Your warg looks more healthy.
Your guardian golem disappears in a puff of smoke!
HP restored.
Magic restored.
You start waiting.
Your warg disappears in a puff of smoke!
Your cerulean imp disappears in a puff of smoke!
Done waiting.
There is a stone staircase leading down here.
You can't go up here!
You fly downwards.
The orc warrior shouts!
The centaur warrior shoots an arrow.
The arrow hits you!
The hornet stings you but does no damage.
The killer bee stings you.
The centaur warrior shoots an arrow.
The arrow hits you! The hornet stings you!
You suddenly lose the ability to move!
The killer bee stings you but does no damage.
The acid dragon roars!
The centaur warrior shoots an arrow.
The arrow hits you! The hornet stings you.
* * * LOW HITPOINT WARNING * * *
You are poisoned.
You feel yourself slow down. The killer bee stings you.
* * * LOW HITPOINT WARNING * * *
You are more poisoned.
The killer bee poisons you! The hornet barely misses you.
The centaur warrior shoots an arrow.
The arrow hits you!
* * * LOW HITPOINT WARNING * * *
A killer bee comes into view.
* * * LOW HITPOINT WARNING * * *
You feel very sick.
The centaur shouts!
The killer bee buzzes angrily.
The killer bee stings you.
* * * LOW HITPOINT WARNING * * *
The orc warrior hits you with a +0 hand axe.
* * * LOW HITPOINT WARNING * * *
The centaur warrior shoots an arrow.
The arrow hits you but does no damage.
The orc priest calls down the wrath of Beogh upon something.
Beogh smites you!
You die...

.#,,,,,* *,***,♣♣♣,***,** **,**#.
.#,***,****,**,♣♣♣,**,*,***,*,*#.
.#,,,,,*,,**,*,♣.♣,**,*,**,***,#.
.#,**+**,*,,,*,♣.♣,*,***,**,*,*#.
.#,*,,**,*****,...,*,♣,*,***,**#.
.#,*,,***,* ##♣o♣##y♣,*,***,**#.
.#,*,***,** ♣#..>..#e♣.♣.#*,*,*#.
.#.#+*,,,,**♣'..8y.'.cD...,*8*,##
.###,*,***,,,#.o@y.#.♣.♣.#*,*,**#
###o,*,*****,##♣'y##,♣,*,***,**
.##o,*,**,,,,* ♣.♣♣*,*,*,***,**
.##+**,**,*****♣.♣**,***,**,*,**
.#..,,,***,***,c♣.,**,*,**,***,##
.#.♣**,* **,***♣,♣***,*,***,*,*#.
+#..,,,* *,** *,* **,** **,**#.
.####*** *******,******* ******##
....# *,,,*,,,*,,,* *,,,,,,*


You could see a centaur warrior, a deep elf archer (repels missiles), a hornet,
an orc warrior, an acid dragon, a centaur, 2 killer bees and an orc priest.

Vanquished Creatures
  An acid dragon (D:9)
  A sky beast (D:7)
  An orc warrior (Bailey)
  A centaur (D:6)
  A kobold brigand (Bailey)
  A bullfrog (D:9)
  A killer bee (D:9)
  2 howler monkeys
  A gnoll (D:9)
  A white imp (D:5)
  A worm (D:2)
  A dart slug (D:1)
  3 orcs
  An endoplasm (D:2)
  2 hobgoblins
  2 jackals (D:3)
  2 kobolds (Bailey)
  A bat (D:2)
  A frilled lizard (D:1)
  A hobgoblin zombie (Ossuary)
26 creatures vanquished.

Vanquished Creatures (collateral kills)
  A boulder beetle (D:7)
  2 two-headed ogres
  An ugly thing (D:7)
  4 steam dragons
  A vampire mosquito (D:7)
  An acid dragon (D:7)
  A water moccasin (D:8)
  2 sky beasts
  4 orc warriors
  3 ice beasts
  A black bear (D:5)
  A phantom (D:6)
  7 bullfrogs
  4 kobold brigands
  A water moccasin zombie (Ossuary)
  6 scorpions
  4 wights
  2 killer bees (D:9)
  3 howler monkeys
  A jelly (D:7)
  2 gnoll boudas
  2 hounds
  2 orc priests (D:6)
  4 iguanas
  2 sleepcaps
  Natasha (thrice) (D:2)
  9 orc wizards
  2 mummies (Ossuary)
  16 gnolls
  5 adders
  A shadow imp (D:5)
  An ufetubus (D:6)
  4 adder zombies (Ossuary)
  5 worms
  4 dart slugs
  24 orcs
  8 endoplasms
  A giant cockroach (D:3)
  5 goblins
  6 hobgoblins
  2 jackals (D:3)
  14 kobolds
  5 quokkas
  6 ball pythons
  5 bats
  A frilled lizard (D:3)
  5 gnoll zombies (Ossuary)
  3 hobgoblin zombies (Ossuary)
  A jackal zombie (D:5)
  3 kobold zombies (Ossuary)
  6 orc zombies (Ossuary)
  3 rats
210 creatures vanquished.

Vanquished Creatures (others)
  A boulder beetle (D:7)
  2 trolls (D:7)
  Prince Ribbit (D:7)
  2 wights
  2 killer bees (D:9)
  A hound (D:7)
  An orc wizard (D:7)
  A gnoll (D:7)
11 creatures vanquished.

Grand Total: 247 creatures vanquished

Notes
Turn   | Place    | Note
-------+----------+-------------------------------------------
     0 | D:1      | MacCMillion the Tengu Summoner began the quest for the Orb.
     0 | D:1      | Reached XP level 1. HP: 10/10 MP: 4/4
    72 | D:1      | Reached skill level 5 in Summonings
    98 | D:1      | Reached XP level 2. HP: 15/15 MP: 4/6
   411 | D:1      | Learned a level 2 spell: Call Imp
   522 | D:1      | Reached XP level 3. HP: 17/19 MP: 5/7
   821 | D:1      | Found a faded altar of an unknown god.
   826 | D:1      | Learned a level 3 spell: Call Canine Familiar
   843 | D:2      | Noticed Natasha
   849 | D:2      | Killed Natasha
   850 | D:2      | Reached skill level 6 in Summonings
   878 | D:2      | Noticed Natasha
   887 | D:2      | Killed Natasha
   888 | D:2      | Reached XP level 4. HP: 24/24 MP: 2/9
   899 | D:2      | Noticed Natasha
   903 | D:2      | Killed Natasha
  1111 | D:2      | Gained mutation: Your magical nature lets you fly swiftly
                  | and evasively. [Tengu growth]
  1111 | D:2      | Reached XP level 5. HP: 28/28 MP: 1/10
  1594 | D:2      | Reached skill level 7 in Summonings
  1599 | D:2      | Learned a level 4 spell: Summon Lightning Spire
  1954 | D:3      | Found Camoehe's Assorted Antiques.
  1963 | D:3      | Reached skill level 1 in Air Magic
  2262 | D:3      | Found Pisees's General Store.
  2545 | D:3      | Found Negung's Weapon Emporium.
  2819 | D:3      | Reached XP level 6. HP: 32/32 MP: 4/12
  3100 | D:4      | Noticed an ice beast
  3120 | D:4      | Killed an ice beast
  3204 | D:4      | Noticed Ijyb
  3240 | D:4      | Noticed Duvessa
  3240 | D:4      | Noticed Dowan
  3776 | D:5      | Entered Level 5 of the Dungeon
  3813 | D:5      | Reached XP level 7. HP: 36/36 MP: 10/14
  3861 | D:5      | Learned a level 3 spell: Summon Guardian Golem
  3947 | D:5      | Reached skill level 5 in Air Magic
  4095 | D:5      | Reached skill level 8 in Summonings
  4169 | D:5      | Found a sand-covered staircase.
  4178 | Ossuary  | Entered an ossuary
  4319 | Ossuary  | Reached XP level 8. HP: 41/41 MP: 13/15
  4687 | D:5      | Reached skill level 5 in Spellcasting
  4966 | D:6      | Reached skill level 1 in Hexes
  5076 | D:6      | Found an ornate altar of the Wu Jian Council.
  5109 | D:6      | Reached skill level 9 in Summonings
  5800 | D:6      | Reached XP level 9. HP: 45/45 MP: 3/18
  6186 | D:6      | Noticed a two-headed ogre
  6194 | D:6      | Killed a two-headed ogre
  6195 | D:6      | Reached skill level 10 in Summonings
  6736 | D:7      | Reached skill level 1 in Fighting
  6852 | D:7      | Noticed a boulder beetle
  6882 | D:7      | Killed a boulder beetle
  6883 | D:7      | Reached XP level 10. HP: 40/56 MP: 3/23
  7111 | D:7      | Noticed Prince Ribbit
  7120 | D:7      | Killed Prince Ribbit
  7121 | D:7      | Reached skill level 11 in Summonings
  7238 | D:7      | Noticed a boulder beetle
  7243 | D:7      | Reached skill level 5 in Dodging
  7826 | D:7      | Noticed a white ugly thing
  7849 | D:7      | Killed a white ugly thing
  7850 | D:7      | Reached skill level 5 in Fighting
  7938 | D:7      | Killed a boulder beetle
  8332 | D:7      | Reached skill level 12 in Summonings
  8475 | D:7      | Identified the ring "Pejozaec" {Fire Str+4 Dex+3}
  8722 | D:7      | Found a staircase to the Ecumenical Temple.
  8732 | Temple   | Entered the Ecumenical Temple
  8758 | Temple   | Became a worshipper of Ashenzari the Shackled
  9033 | D:8      | Reached XP level 11. HP: 64/64 MP: 19/24
  9432 | D:8      | Noticed a two-headed ogre
  9447 | D:8      | Killed a two-headed ogre
  9727 | D:9      | Noticed a centaur warrior
  9727 | D:9      | Noticed a tengu warrior
  9729 | D:9      | Noticed a deep elf archer
  9813 | D:9      | Found Kum Tir's CLEARANCE SALE!.
  9821 | D:9      | Bought the +4 cloak "Qohuahes" {Int+2 Slay+5} for 283 gold
                  | pieces
 10003 | D:9      | Found a flagged portal.
 10013 | Bailey   | Entered a bailey
 10207 | Bailey   | Identified the ring of Unload {rCorr Int+3 SInv}
 10307 | Bailey   | Found a bloodstained altar of Trog.
 10313 | Bailey   | Identified the +0 scale mail "Hoqujam" {Will- MP+9 Int+6}
 10411 | D:9      | Reached * piety under Ashenzari
 10411 | D:9      | Identified a scroll of acquirement
 10615 | D:9      | Found a snail-covered altar of Cheibriados.
 10619 | D:9      | Found a stormy altar of Qazlal.
 10619 | D:9      | Found a burning altar of Makhleb.
 10619 | D:9      | Found a glowing silver altar of Zin.
 10621 | D:9      | Found a glowing golden altar of the Shining One.
 10822 | D:9      | Reached ** piety under Ashenzari
 11156 | D:9      | Paralysed by a hornet for 3 turns
 11158 | D:9      | HP: 1/71 [orc warrior/+0 hand axe (3)]
 11158 | D:9      | Killed from afar by an orc priest

Illustrated notes

Levels and vault maps discovered:
D:1:      lightli_arrival_statue_moat, layout_basic,
          shapermc_ecumenical_altar_mp_urbaneastern, minmay_pentomino_q4
D:2:      layout_rooms, uniq_natasha
D:3:      layout_basic, serial_shops, shop, shop,
          nicolae_shop_pleasant_corner_grove, nrook_mini_vaults,
          nicolae_wormholes
D:4:      layout_rooms, uniq_duvessa, uniq_ijyb
D:5:      minmay_angry_zag, layout_loops_ring, enter_ossuary_3
D:6:      layout_basic, kennysheep_mini
D:7:      minmay_the_grid_octo_tiled_squarecenter
          [minmay_the_grid_octo_clover_2, minmay_the_grid_octo_chip,
          minmay_the_grid_octo_teeth, minmay_the_grid_octo_thin_diamonds,
          minmay_the_grid_square_5x5_megaprize_diamond,
          minmay_the_grid_square_5x5_n_small,
          minmay_the_grid_square_5x5_tetrominoes, minmay_the_grid_square_5x5_v,
          minmay_the_grid_square_5x5_two_walls_a], layout_loops_ring,
          minmay_temple_entry_poolview, uniq_prince_ribbit1
D:8:      layout_gridville
D:9:      nzn_winding_woodlands_stair_cross
          [nzn_winding_woodlands_5x15_sidewinder,
          nzn_winding_woodlands_center_lodge, nzn_winding_woodlands_5x15_jagged,
          nzn_winding_woodlands_5x5_cross, nzn_winding_woodlands_5x5_three,
          nzn_winding_woodlands_5x15_eye, nzn_winding_woodlands_center_diamonds,
          nzn_winding_woodlands_5x15_pockets], layout_gridville, minitemple,
          enter_bailey_4, nicolae_shop_clearance
Temple:   nicolae_temple_elliptical

Skill      XL: |  1  2  3  4  5  6  7  8  9 10 11 |
---------------+----------------------------------+-----
Summonings     | 5 6 7 8 9 10 12 | 12.0
Spellcasting   | 3 4 5 8 |  8.0
Air Magic      | 2 4 6 7 |  7.0
Hexes          | 2 |  2.0
Fighting       | 3 6 7 |  7.5
Dodging        | 4 6 8 |  8.2
Stealth        | |  2.0

Action                     |  1- 3 |  4- 6 |  7- 9 | 10-12 || total
---------------------------+-------+-------+-------+-------++-------
  Melee: Unarmed           |     9 |     1 |       |       ||    10
         Kick              |     3 |     4 |     5 |     8 ||    20
         Peck              |     1 |     6 |     5 |     2 ||    14
         Dagger            |       |    25 |    21 |     4 ||    50
         Punch             |       |       |     1 |       ||     1
         Spear             |       |       |       |    28 ||    28
   Cast: Summon Small Mamm |    30 |     3 |       |       ||    33
         Call Imp          |     2 |    25 |    18 |    17 ||    62
         Call Canine Famil |     1 |    21 |    30 |    27 ||    79
         Summon Lightning  |       |       |    14 |    33 ||    47
         Summon Guardian G |       |       |     5 |    12 ||    17
 Invoke: Curse Item        |       |       |       |     3 ||     3
    Use: Scroll            |       |       |    11 |     2 ||    13
   Stab: Sleeping          |       |     1 |     1 |     1 ||     3
         Distracted        |       |       |     1 |       ||     1
 Armour: Robe              |     7 |     6 |    10 |     2 ||    25
         Acid dragon scale |       |       |       |     9 ||     9
  Dodge: Dodged            |    13 |    24 |    30 |    62 ||   129

Table legend: (Time is in decaauts)
 A = Elapsed time spent in this place.
 B = Non-inter-level travel time spent in this place.
 C = Inter-level travel time spent in this place.
 D = Time resting spent in this place.
 E = Time spent auto-exploring this place.
 F = Levels seen in this place.
 G = Mean time per level.
                   A        B        C        D        E       F      G
               +--------+--------+--------+--------+--------+-----+--------+
         Total |  10580 |  10183 |    397 |   3312 |   4248 |  12 |  881.7 |
       Dungeon |   9921 |   9550 |    371 |   3137 |   4157 |   9 | 1102.3 |
        Temple |     55 |     29 |     26 |      0 |      0 |   1 |   55.0 |
       Ossuary |    226 |    226 |      0 |     44 |     18 |   1 |  226.0 |
        Bailey |    377 |    377 |      0 |    130 |     72 |   1 |  377.0 |
               +--------+--------+--------+--------+--------+-----+--------+

Top non-repeatable levels by time:
     D:7: 1887 daAuts
     D:6: 1887 daAuts
     D:3: 1087 daAuts
     D:8: 1035 daAuts
     D:1: 973 daAuts
     D:2: 900 daAuts
     D:5: 781 daAuts
     D:9: 728 daAuts
     D:4: 640 daAuts
  Bailey: 377 daAuts
 Ossuary: 226 daAuts
  Temple: 55 daAuts
